 Dungeon Crawl Stone Soup version 0.31-a0-795-g5eb97db20b (webtiles) character file.

Game seed: 13345516046275958195

4784 demibob the Spear-Bearer (level 10, -24/105 HPs)
             Began as a Merfolk Chaos Knight on Sept 18, 2023.
             Was a Plaything of Xom.
             Annihilated by an orc warlord
             ... wielding a +4 broad axe
              (32 damage)
             ... in a bailey.
             The game lasted 00:12:59 (7910 turns).

demibob the Spear-Bearer (Merfolk Chaos Knight)     Turns: 7910, Time: 00:13:01

Health: -24/105    AC: 10    Str: 13    XL:     10   Next: 47%
Magic:  18/18      EV: 20    Int: 11    God:    Xom [..*...]
Gold:   1093       SH:  5    Dex: 18    Spells: 9/9 levels left

rFire   + + .        m - +0 halberd
rCold   . . .        (shield currently unavailable)
rNeg    . . .        b - +2 leather armour
rPois   .            h - +2 hat
rElec   .            n - +0 cloak
rCorr   +            (no gloves)
SInv    .            i - +1 pair of boots
Will    .....        c - amulet "Ifalu" {Reflect Rampage rF+ MP+9 SH+5} Stlth
                     R - ring of resist corrosion
HPRegen 0.37/turn    (no ring)
MPRegen 0.16/turn

%: random rage (3%), reflection, rampage
@: mighty, berserking (expiring), hasted, very quick
A: (nimble swimmer 2), mertail, berserk 1, fire resistance 1, low MP 1, subdued
magic 1
a: Renounce Religion


You were in a bailey.
You worshipped Xom.
You were a toy of Xom.
You visited 1 branch of the dungeon, and saw 8 of its levels.
You also visited: Bailey.

You collected 1093 gold pieces.


Innate Abilities, Weirdness & Mutations

((You are very nimble when in or above water. (Stealth+, EV+, Speed+++)))
Your lower body shifts to a powerful aquatic tail in water.
You sometimes lose your temper in combat.
Your flesh is heat resistant. (rF+)
Your magical capacity is low. (-10% MP)
Your spells are a little easier to cast, but a little less powerful.


   Skills:
 - Level 3.2 Fighting
 + Level 14.6 Polearms
 - Level 0.6 Armour
 + Level 13.5 Dodging


You had 9 spell levels left.
You didn't know any spells.
Your spell library contained the following spells:

 Spells                   Type           Power      Damage    Failure   Level
 Magic Dart               Conj           0%         1d3       36%         1
 Blink                    Tloc           0%         N/A       52%         2
 Searing Ray              Conj           0%         2d4       52%         2
 Fulminant Prism          Conj/Hex       0%         3d5       99%         4
 Manifold Assault         Tloc           0%         N/A       99%         4
 Summon Forest            Summ/Tloc      0%         N/A       100%        5
 Eringya's Noxious Bog    Tmut/Pois      0%         4d6       100%        6
 Summon Hydra             Summ           0%         N/A       100%        7

Inventory:

Hand Weapons
 a - a +0 spear of chaos
 m - a +0 halberd (weapon)
Armour
 b - a +2 leather armour (worn)
 h - a +2 hat (worn)
 i - a +1 pair of boots (worn)
 n - a +0 cloak (worn)
Jewellery
 c - the amulet "Ifalu" (around neck) {Reflect Rampage rF+ MP+9 SH+5}
   (You acquired it on level 2 of the Dungeon)

   [amulet of reflection]

   Reflect:   It reflects blocked missile attacks.
   rF+:       It protects you from fire.
   MP+9:      It affects your magic capacity (+9).
   SH+5:      It affects your SH (+5).
   Rampage:   It bestows one free step when moving towards enemies.
 L - a ring of flight
 R - a ring of resist corrosion (left hand)
Wands
 o - a wand of flame (15)
 v - a wand of digging (5)
Scrolls
 e - 4 scrolls of blinking
 l - a scroll of teleportation {@r2}
 s - 5 scrolls of identify {@r1}
 t - a scroll of amnesia
 x - 2 scrolls of butterflies
 y - a scroll of revelation
Potions
 d - 3 potions of invisibility
 f - a potion of enlightenment
 g - a potion of cancellation
 j - 3 potions of attraction
 k - 2 potions of heal wounds {@q2}
 q - 3 potions of magic
 r - a potion of brilliance

Dungeon Overview and Level Annotations

Branches:
Dungeon (8/15)             Temple (0/1) D:7          Bailey (1/1)
   Lair: D:8-11

Altars:
Kikubaaqudgha
Trog

Annotations:
D:7 1 transporter, Anno's ghost, novice NaIE

▒▒..)..▒▒.........▒▒...).▒▒
▒▒)▒▒▒▒...........▒▒▒▒)▒▒
▒▒.....▒▒.........▒▒...).▒▒
▒..)....▒.........▒.......▒
▒▒.......▒▒.......▒▒.......▒▒
▒.........▒.......▒.........▒
▒▒.........▒▒▒gog▒▒▒.........▒
▒.....⌠.....▒▒▒o▒▒▒.....⌠.....▒
▒▒.........▒▒88@88▒▒.........▒▒
▒.........▒.......▒.).......▒
▒▒.......▒▒.......▒▒)......▒▒
▒.......'.........'.......▒
▒▒.....▒▒.........▒▒.....▒▒
▒▒▒▒▒▒▒.....⌠.....▒▒▒▒▒▒▒
▒▒.........▒▒ ▒.........▒
▒▒.......▒▒


You could see an orc warlord, an orc warrior (strong) and 2 goblins.


Message History

The orc warlord is severely wounded.
You closely miss the orc warlord.
The orc warlord is severely wounded.
The orc warlord hits you with a +4 broad axe.
* * * LOW HITPOINT WARNING * * *
You barely miss the orc warlord.
The orc warlord is severely wounded.
You hit the orc warlord but do no damage.
The orc warlord is severely wounded.
The orc warlord hits you with a +4 broad axe!
* * * LOW HITPOINT WARNING * * *
You puncture the orc warlord!
The orc warlord is severely wounded.
You slash the orc warlord!
The orc warlord is almost dead.
The orc warlord hits you with a +4 broad axe!
* * * LOW HITPOINT WARNING * * *
Press: ? - help, v - describe, . - travel, g - get item
Here: an orc warlord, wielding a +4 broad axe and wearing a +3 plate armour (almost dead)
Items here: ))) [[[ †††.
An open door, spattered with blood.
Unknown command.
Unknown command.
You barely miss the orc warlord.
The orc warlord is almost dead.
You hit the orc warlord.
The orc warlord is almost dead.
The orc warlord hits you with a +4 broad axe!!
You die...
Xom snickers!

Skill      XL: |  1  2  3  4  5  6  7  8  9 10 |
---------------+-------------------------------+-----
Polearms       | 5 6 7 8 9 11 13 14 | 14.6
Dodging        | 3 4 6 7 10 12 13 | 13.5
Fighting       | |  3.2
Armour         | |  0.6

Action                     |  1- 3 |  4- 6 |  7- 9 | 10-12 || total
---------------------------+-------+-------+-------+-------++-------
  Melee: Spear             |    57 |   110 |       |       ||   167
         Halberd           |       |    95 |   334 |   220 ||   649
         Tailslap          |       |     2 |       |       ||     2
  Evoke: Wand              |       |       |     2 |     1 ||     3
    Use: Scroll            |     8 |     4 |     7 |     5 ||    24
         Potion            |       |     1 |     7 |     5 ||    13
   Stab: Sleeping          |     2 |     1 |     5 |     2 ||    10
         Paralysed         |       |     2 |       |       ||     2
         Invisible         |       |       |    12 |     2 ||    14
         Confused          |       |       |       |     3 ||     3
 Armour: Leather armour    |    14 |    93 |   143 |    52 ||   302
         Skin              |       |       |     8 |       ||     8
  Dodge: Dodged            |    17 |   137 |   203 |    91 ||   448
  Block: Other             |       |    45 |    69 |    26 ||   140
         Reflection        |       |     3 |     2 |       ||     5

Levels and vault maps discovered:
D:1:      dpeg_arrival_signposts, layout_loops_ring,
          shapermc_ecumenical_altar_hornbeckon, minmay_tetromino_t2
D:2:      layout_loops_corners, roderic_serpentine_path, uniq_crazy_yiuf_cottage
D:3:      layout_basic, gup_sewer_entry_spiral, serial_bayou_crossing
D:4:      layout_rooms
D:5:      layout_rooms, nicolae_kikubaaqudgha_miasma_corner, eino_tiny_chamber
D:6:      layout_loops_ring
D:7:      layout_basic, bloody_trog, minmay_temple_entry_poolview,
          gammafunk_ghost_berserking_beasts, uniq_duvessa
D:8:      layout_rooms, enter_bailey_3, minmay_manual_monstrance
Bailey:   bailey_axe_minmay_hex_keep, bailey

Notes
Turn   | Place    | Note
-------+----------+-------------------------------------------
     0 | D:1      | demibob the Merfolk Chaos Knight began the quest for the
                  | Orb.
     0 | D:1      | Reached XP level 1. HP: 18/18 MP: 1/1
   112 | D:1      | You fall into a shaft and drop 1 floor!
   193 | D:2      | Found a runed translucent door.
   194 | D:2      | Noticed Crazy Yiuf
   440 | D:1      | Reached XP level 2. HP: 24/24 MP: 2/2
   588 | D:1      | Reached skill level 5 in Polearms
   929 | D:1      | Found a faded altar of an unknown god.
  1495 | D:2      | XOM: silly message
  1501 | D:2      | XOM: silly message
  1726 | D:2      | Reached XP level 3. HP: 29/29 MP: 3/3
  1760 | D:2      | XOM: noise
  1781 | D:2      | XOM: silly message
  2028 | D:2      | Killed Crazy Yiuf
  2029 | D:2      | Reached skill level 6 in Polearms
  2029 | D:2      | Reached XP level 4. HP: 35/35 MP: 4/4
  2053 | D:2      | Identified a scroll of acquirement
  2053 | D:2      | Acquired the amulet "Ifalu" {Reflect Rampage rF+ MP+9 SH+5}
  2520 | D:3      | Reached skill level 3 in Dodging
  2902 | D:3      | XOM: cast spell 'Leda's Liquefaction'
  2908 | D:3      | Reached XP level 5. HP: 36/41 MP: 5/5
  2919 | D:3      | Reached skill level 7 in Polearms
  3042 | D:3      | XOM: noise
  3089 | D:3      | Reached skill level 4 in Dodging
  3261 | D:3      | XOM: god gift: 628 gold pieces
  3287 | D:3      | XOM: summons 2 hostile demons
  3322 | D:3      | XOM: give mutations
  3322 | D:3      | Gained mutation: Your magical capacity is low. (-10% MP)
                  | [Xom's mischief]
  3322 | D:3      | Gained mutation: You passively map a small area around you.
                  | [Xom's mischief]
  3508 | D:4      | XOM: chaos upgrade
  3511 | D:4      | XOM: noise
  3600 | D:4      | XOM: blink monster(s)
  3613 | D:3      | XOM: cleaving
  3624 | D:3      | Reached XP level 6. HP: 32/47 MP: 5/5
  3663 | D:4      | Reached skill level 5 in Dodging
  3678 | D:4      | Reached skill level 8 in Polearms
  3702 | D:4      | XOM: enchant monster (bad)
  3708 | D:4      | XOM: blink monster(s)
  3712 | D:4      | Noticed a black bear
  3724 | D:4      | Killed a black bear
  3725 | D:4      | Reached skill level 6 in Dodging
  3725 | D:4      | Reached XP level 7. HP: 37/52 MP: 6/6
  4116 | D:4      | XOM: give mutations
  4116 | D:4      | Gained mutation: Your system is resistant to poisons.
                  | (rPois) [Xom's mischief]
  4116 | D:4      | Lost mutation: You passively map a small area around you.
                  | [Xom's mischief]
  4116 | D:4      | Gained mutation: You expend magic power (3 MP) to
                  | strengthen your wands. [Xom's mischief]
  4116 | D:4      | Gained mutation: Your magical capacity is very low. (-20%
                  | MP) [Xom's mischief]
  4124 | D:5      | Entered Level 5 of the Dungeon
  4164 | D:5      | Found an ancient bone altar of Kikubaaqudgha.
  4177 | D:5      | XOM: chaos upgrade
  4179 | D:5      | XOM: 3-stop teleportation journey
  4282 | D:5      | Lost mutation: Your magical capacity is very low. (-20% MP)
                  | [potion of mutation]
  4282 | D:5      | Lost mutation: Your system is resistant to poisons. (rPois)
                  | [potion of mutation]
  4282 | D:5      | Lost mutation: You expend magic power (3 MP) to strengthen
                  | your wands. [potion of mutation]
  4282 | D:5      | Gained mutation: You are robust. (+10% HP) [potion of
                  | mutation]
  4282 | D:5      | Gained mutation: You have hidden genetic defects. [potion
                  | of mutation]
  4294 | D:5      | Reached skill level 9 in Polearms
  4328 | D:5      | Gained mutation: Your magical capacity is very low. (-20%
                  | MP) [hidden defects]
  4398 | D:5      | Found the +7 staff of the Meek {protect, meekguard}
  4445 | D:5      | Reached skill level 7 in Dodging
  4445 | D:5      | XOM: torment (30/57 hp)
  4472 | D:5      | XOM: draining
  4481 | D:5      | Gained mutation: You are vulnerable to cold. (rC-) [hidden
                  | defects]
  4481 | D:5      | Lost mutation: You have hidden genetic defects. [hidden
                  | defects expressed]
  4510 | D:5      | XOM: 2-stop teleportation journey
  4634 | D:5      | XOM: 4-stop teleportation journey
  4877 | D:6      | XOM: swap monsters
  4878 | D:6      | Lost mutation: Your magical capacity is very low. (-20% MP)
                  | [potion of mutation]
  4878 | D:6      | Lost mutation: You are robust. (+10% HP) [potion of
                  | mutation]
  4878 | D:6      | Lost mutation: You are vulnerable to cold. (rC-) [potion of
                  | mutation]
  4878 | D:6      | Gained mutation: You occasionally lose the ability to read
                  | scrolls when taking damage. [potion of mutation]
  4878 | D:6      | Gained mutation: Your spells are a little easier to cast,
                  | but a little less powerful. [potion of mutation]
  4888 | D:6      | Reached XP level 8. HP: 48/54 MP: 7/7
  4906 | D:6      | XOM: noise
  4916 | D:6      | Reached skill level 8 in Dodging
  5018 | D:6      | Noticed a yak
  5018 | D:6      | Noticed a yak
  5018 | D:6      | Noticed a yak
  5018 | D:6      | XOM: 2-stop teleportation journey
  5024 | D:6      | XOM: chaos cloud
  5031 | D:6      | Noticed a yak
  5031 | D:6      | Noticed a yak
  5039 | D:6      | Killed a yak
  5039 | D:6      | XOM: swap monsters
  5040 | D:6      | Reached skill level 10 in Polearms
  5043 | D:6      | XOM: chaos cloud
  5051 | D:6      | Killed a yak
  5057 | D:6      | Killed a yak
  5058 | D:6      | Reached skill level 9 in Dodging
  5062 | D:6      | Killed a yak
  5063 | D:6      | Reached skill level 11 in Polearms
  5070 | D:6      | Killed a yak
  5071 | D:6      | Reached skill level 10 in Dodging
  5071 | D:6      | Reached XP level 9. HP: 40/64 MP: 8/8
  5190 | D:6      | XOM: blink monster(s)
  5382 | D:6      | Identified the +10 short sword "Hiutimo" {drain, Int+2}
  5448 | D:6      | XOM: potion effect (curing)
  5505 | D:6      | XOM: divination: magic mapping
  5510 | D:6      | XOM: silly message
  5577 | D:6      | Reached skill level 12 in Polearms
  5899 | D:7      | XOM: potion effect (invisibility)
  5939 | D:7      | Reached skill level 11 in Dodging
  6078 | D:7      | Noticed Dowan
  6079 | D:7      | Noticed Duvessa
  6105 | D:7      | Killed Duvessa
  6106 | D:7      | Reached skill level 13 in Polearms
  6115 | D:7      | Killed Dowan
  6222 | D:7      | XOM: 10-stop teleportation journey
  6441 | D:7      | Found a bloodstained altar of Trog.
  6519 | D:7      | Found a transporter.
  6519 | D:7      | Noticed Anno's ghost (novice NaIE)
  6521 | D:7      | Noticed a moth of wrath
  6572 | D:7      | Reached skill level 12 in Dodging
  6599 | D:7      | Found a transporter.
  6697 | D:7      | XOM: summons 4 friendly demons
  6701 | D:7      | Reached XP level 10. HP: 30/70 MP: 9/9
  6710 | D:7      | XOM: give mutations
  6710 | D:7      | Gained mutation: You are dopey. (Int -2) [Xom's mischief]
  6710 | D:7      | Lost mutation: You are dopey. (Int -2) [Xom's mischief]
  6944 | D:7      | Found a staircase to the Ecumenical Temple.
  7037 | D:7      | XOM: give mutation
  7037 | D:7      | Gained mutation: Your flesh is heat resistant. (rF+) [Xom's
                  | grace]
  7046 | D:7      | Identified the +0 ring mail of Satisfaction {Fly rPois
                  | Int+2}
  7082 | D:8      | XOM: blink monster(s)
  7331 | D:8      | XOM: give mutations
  7331 | D:8      | Gained mutation: You sometimes lose your temper in combat.
                  | [Xom's mischief]
  7331 | D:8      | Lost mutation: You occasionally lose the ability to read
                  | scrolls when taking damage. [Xom's mischief]
  7395 | D:8      | Found a flagged portal.
  7415 | Bailey   | Entered a bailey
  7475 | Bailey   | XOM: confuse monster(s)
  7486 | Bailey   | Reached skill level 14 in Polearms
  7497 | Bailey   | XOM: divination: detect creatures
  7517 | Bailey   | Reached skill level 13 in Dodging
  7524 | Bailey   | XOM: cast spell 'Chain of Chaos'
  7679 | Bailey   | XOM: 3-stop teleportation journey
  7870 | Bailey   | Noticed an orc warlord
  7872 | Bailey   | XOM: divination: detect items
  7908 | Bailey   | HP: 7/105 [orc warlord/+4 broad axe (13)]
  7910 | Bailey   | Annihilated by an orc warlord

Vanquished Creatures
  8 yaks
  A water moccasin (D:7)
  Duvessa (D:7)
  2 black bears
  12 orc warriors
  A sky beast (D:7)
  An ogre (D:4)
  3 centaurs
  2 phantoms (D:6)
  2 bullfrogs
  3 scorpions
  4 wights (D:7)
  Dowan (D:7)
  3 killer bees (D:8)
  A howler monkey (D:8)
  3 jellies
  6 hounds
  2 orc priests
  Crazy Yiuf (D:2)
  2 iguanas
  An orc wizard (D:4)
  7 gnolls
  2 river rats (D:3)
  9 adders
  An ufetubus (D:6)
  A worm (D:4)
  A dart slug (D:3)
  39 orcs
  2 ball pythons
  5 endoplasms
  5 giant cockroaches
  15 goblins
  13 hobgoblins
  5 kobolds
  7 quokkas
  4 bats
  2 frilled lizards
  9 rats
187 creatures vanquished.

Vanquished Creatures (collateral kills)
  A sky beast (D:7)
1 creature vanquished.

Grand Total: 188 creatures vanquished

Table legend: (Time is in decaauts)
 A = Elapsed time spent in this place.
 B = Non-inter-level travel time spent in this place.
 C = Inter-level travel time spent in this place.
 D = Time resting spent in this place.
 E = Time spent auto-exploring this place.
 F = Levels seen in this place.
 G = Mean time per level.
                   A        B        C        D        E       F      G
               +--------+--------+--------+--------+--------+-----+--------+
         Total |   7789 |   7392 |    397 |    417 |   5600 |   9 |  865.4 |
       Dungeon |   7311 |   6914 |    397 |    243 |   5490 |   8 |  913.9 |
        Bailey |    478 |    478 |      0 |    174 |    110 |   1 |  478.0 |
               +--------+--------+--------+--------+--------+-----+--------+

Top non-repeatable levels by time:
     D:3: 1351 daAuts
     D:2: 1299 daAuts
     D:7: 1163 daAuts
     D:6: 999 daAuts
     D:1: 932 daAuts
     D:5: 742 daAuts
     D:4: 484 daAuts
  Bailey: 478 daAuts
     D:8: 338 daAuts

Table legend:
 A = Non-vault XP
 B = Vault XP
 C = Vault XP percentage of total XP
 D = Non-vault monster count
 E = Vault monster count
 F = Vault count percentage of total count
                 A         B        C        D         E       F
            +---------+---------+-------+---------+---------+-------
      Total |    4962 |    1873 |  27.4 |     130 |      57 |  30.5
            +---------+---------+-------+---------+---------+-------
        D:1 |      19 |       2 |   9.5 |      12 |       2 |  14.3
        D:2 |      24 |      40 |  62.5 |       9 |       1 |  10.0
        D:3 |     209 |      47 |  18.4 |      29 |       7 |  19.4
        D:4 |     403 |       0 |   0.0 |      24 |       0 |   0.0
        D:5 |     323 |       0 |   0.0 |       7 |       0 |   0.0
        D:6 |    1876 |       0 |   0.0 |      21 |       0 |   0.0
        D:7 |    1864 |     209 |  10.1 |      23 |       2 |   8.0
        D:8 |     244 |      11 |   4.3 |       5 |       5 |  50.0
     Bailey |       0 |    1564 | 100.0 |       0 |      40 | 100.0
            +---------+---------+-------+---------+---------+-------
